 Dungeon Crawl Stone Soup version 0.20-a0-641-g673355a (webtiles) character file.

266 Laan the Digger (level 6, -4/42 HPs)
             Began as a Demonspawn Earth Elementalist on Feb 14, 2017.
             Slain by an orc priest
             ... wielding a +0 morningstar
              (10 damage)
             ... on level 3 of the Dungeon.
             The game lasted 00:05:08 (1654 turns).

Laan the Digger (Demonspawn Earth Elementalist)     Turns: 1654, Time: 00:05:08

Health: -4/42      AC:  4    Str:  9    XL:     6   Next: 0%
Magic:  4/11       EV: 12    Int: 18    God:
Gold:   80         SH:  0    Dex: 13    Spells: 10/11 levels left

rFire    . . .     SeeInvis .   g - -2 whip (curse)
rCold    . . .     Gourm    .   c - +0 robe
rNeg     . . .     Faith    .   (no shield)
rPois    .         Spirit   .   (no helmet)
rElec    .         Reflect  .   (no cloak)
rCorr    .         Harm     .   k - +0 pair of gloves
MR       .....                  (no boots)
Stlth    ++........             (no amulet)
Regen    0.2/turn               (no ring)
MPRegen  0.2/turn               (no ring)

@: no status effects
A: talons 2, rugged brown scales 1, powered by death 1
a: no special abilities


You were on level 3 of the Dungeon.
You were hungry.

You visited 1 branch of the dungeon, and saw 3 of its levels.

You collected 80 gold pieces.

Inventory:

Hand Weapons
 a - a +0 club
 g - a cursed -2 whip (weapon)
 i - a +0 vampiric dagger
 l - a +3 flail
 n - a +0 scythe
Missiles
 b - 48 stones (quivered)
Armour
 c - a +0 robe (worn)
 k - a +0 pair of gloves (worn)
Jewellery
 f - an uncursed ring of ice
Potions
 h - a potion of heal wounds {unknown}
 o - a potion of degeneration {unknown}
 q - a potion of mutation {unknown}
 r - a potion of ambrosia {unknown}
Books
 e - a book of Geomancy

   Spells                             Type                      Level
   a - Sandblast                      Earth                        1
   b - Passwall                       Transmutation/Earth          2
   c - Stone Arrow                    Conjuration/Earth            3
   d - Petrify                        Transmutation/Earth          4
   e - Lee's Rapid Deconstruction     Earth                        5
Comestibles
 d - 3 bread rations
 j - 3 fruits
 m - 4 chunks of flesh
 p - 2 royal jellies


   Skills:
 - Level 1.7 Dodging
 - Level 1.7 Stealth
 + Level 3.3 Spellcasting
   Level 0.8 Transmutations
 * Level 5.4 Earth Magic


You had 10 spell levels left.
You knew the following spells:

 Your Spells              Type           Power        Failure   Level  Hunger
a - Sandblast             Erth           ###...       1%          1    None


Dungeon Overview and Level Annotations

Branches:
Dungeon (3/15)

Altars:


Innate Abilities, Weirdness & Mutations

You have razor-sharp toenails.
You are partially covered in rugged brown scales. (AC +1, +3% HP)
You regenerate a little health from kills.


Message History

An orc comes into view. It is wielding a mace.
Casting: Sandblast
Confirm with . or Enter, or press ? or * to list all spells.
Aiming: Sandblast
Press: ? - help, Shift-Dir - straight line, f/p - orc priest
Aim: an orc priest, wielding a morningstar and wearing a ring mail (almost dead)
The blast of sand hits the orc priest.
The orc priest is almost dead.
b - 49 stones The orc priest barely misses you.
Casting: Sandblast
Confirm with . or Enter, or press ? or * to list all spells.
Aiming: Sandblast
Press: ? - help, Shift-Dir - straight line, f/p - orc priest
Aim: an orc priest, wielding a morningstar and wearing a ring mail (almost dead)
The blast of sand hits the orc priest.
The orc priest is almost dead.
b - 48 stones The orc priest hits you with a morningstar!
You die...

#........# .. #
#........# .. #..
#........# <#
#...###........#..#
#........#####.#..#..#
#.....................
.........#####.#..#..#
.........# #.####..#
.........# #..@oo..#
.........# #.#####...#
.........# #.# #
########## ###


You could see an orc priest and an orc.

Vanquished Creatures
  Sigmund (D:2)
  An orc wizard (D:3)
  4 adders
  A worm (D:2)
  A dart slug (D:2)
  A leopard gecko (D:3)
  3 orcs
  A ball python (D:2)
  3 bats
  4 giant cockroaches
  8 goblins
  4 hobgoblins
  4 kobolds
  2 rats
38 creatures vanquished.

Notes
Turn   | Place    | Note
-------+----------+-------------------------------------------
     0 | D:1      | Laan the Demonspawn Earth Elementalist began the quest for the Orb.
     0 | D:1      | Reached XP level 1. HP: 13/13 MP: 3/3
    63 | D:1      | Reached skill level 3 in Earth Magic
   328 | D:1      | Gained mutation: You have sharp toenails. [demonic ancestry]
   328 | D:1      | Reached XP level 2. HP: 19/19 MP: 1/5
   699 | D:2      | Reached XP level 3. HP: 10/24 MP: 2/6
  1112 | D:2      | Noticed Sigmund
  1124 | D:2      | Killed Sigmund
  1124 | D:2      | Reached skill level 5 in Earth Magic
  1124 | D:2      | Gained mutation: You regenerate a little health from kills. [demonic ancestry]
  1124 | D:2      | Reached XP level 4. HP: 18/30 MP: 1/8
  1124 | D:2      | Gained mutation: You have razor-sharp toenails. [demonic ancestry]
  1124 | D:2      | Reached XP level 5. HP: 21/35 MP: 1/9
  1619 | D:3      | Gained mutation: You are partially covered in rugged brown scales. (AC +1, +3% HP) [demonic ancestry]
  1619 | D:3      | Reached XP level 6. HP: 33/42 MP: 9/11
  1654 | D:3      | Slain by an orc priest

Vault maps used:
D:1:      minmay_arrival_cross
D:2:      kennysheep_generic_room_4, uniq_sigmund
D:3:      first_bread, minmay_tree_intersection, uniq_jessica, uniq_iyjb

Skill      XL: |  1  2  3 |
---------------+----------+-----
Earth Magic    | 3 5 |  5.4
Spellcasting   | 3 |  3.3
Dodging        | |  1.7
Stealth        | |  1.7
Transmutations | |  0.8

Action                   |  1- 3 |  4- 6 || total
-------------------------+-------+-------++-------
Melee: Club              |     8 |       ||     8
       Whip              |    15 |     5 ||    20
       Kick              |     3 |     2 ||     5
 Cast: Sandblast         |    23 |    37 ||    60
  Use: Scroll            |     2 |     3 ||     5
 Stab: Sleeping          |     2 |       ||     2
  Eat: Chunk             |     1 |     1 ||     2
Armor: Robe              |    11 |     1 ||    12
Dodge: Dodged            |    21 |    13 ||    34
